Moody, chaotic male elven Priest ------------ +...>......| |..........| ------------ +...........##### |..{......<| - ----.----- ##..d........| #### ##--|--------- ### #fu######## # #@ # ### ### ############## ## ---+--- ### -----.-------#####+.....| ----|-- |...........|# # |.....| ......| |...........|# ##......| |.....| |...........|# |.....| |...... |............# |.....| ------- ------------- |.....| --.---- # Moody the Acolyte Experience level: 4 Strength: 14 Dexterity: 12 Constitution: 13 Intelligence: 8 Wisdom: 19 Charisma: 10 Health: 0(34) Energy: 65(65) Def: 4 Gold: 0 Moves: 1662 Dungeon seed: 9L0PFHeaYd7PXfuY Game ID: Moody_1614169027 Your Inventory: Weapons a - a blessed +1 mace (weapon in hand) t - a +0 bow Armor e - a +0 robe (being worn) n - a +0 small shield (being worn) y - a +0 pair of jumping boots (being worn) Comestibles c - 2 cloves of garlic d - a sprig of wolfsbane m - a food ration w - a food ration z - a melon Scrolls o - a scroll of stinking cloud p - a scroll of magic mapping Spellbooks f - a spellbook of healing g - a spellbook of detect monsters Potions b - 4 potions of holy water i - a potion of restore ability A - a blessed potion of confusion Rings s - a cursed ring of conflict Tools h - a wooden flute j - a sack k - a blindfold Gems q - 2 worthless pieces of yellow glass r - 2 worthless pieces of green glass Contents of the sack: 621 gold pieces a food ration Spells and supernatural/magical abilities: Name Level Category Fail Memory h - healing 1 healing 0% 92% n - detect monsters 1 divination 0% 92% W - pray for help -- divine ? -- X - turn undead -- divine ? -- Y - supernatural jump -- ability ? -- Your skills at the end: Fighting Skills Weapon Skills mace [Basic] Spellcasting Skills clerical spells [Basic] Final Attributes: You were piously aligned. You were sleep resistant. You had infravision. You could jump. You are dead. Vanquished creatures: a small mimic a giant bat an iguana a coyote a hobbit a yellow mold a green mold a red mold 4 geckos 6 sewer rats 3 grid bugs 2 bats 4 lichens a kobold zombie 9 newts 37 creatures vanquished. Voluntary challenges: You were an atheist. You used a wielded weapon 33 times, starting on turn 76. You read items or engraved 1 time, starting on turn 399. You never genocided any monsters. You never polymorphed an object. You never changed form. You used no wishes. You never split a pudding. You never wrote Elbereth's name. You never violated your personal moral code. Dungeon overview: The Dungeons of Doom: levels 1 to 5 Level 1 an altar to Manannan Mac Lir a long staircase Level 2 some fountains Level 3 a weapon shop, a fountain Level 4 (left stair mines) a general store stairs to The Gnomish Mines Level 5 <- You were here a fountain The Gnomish Mines: Level 5 stairs to The Dungeons of Doom History has recorded: On T:1 you entered the Dungeons of Doom to retrieve the Amulet of Yendor! On T:396 you reached level 2 of The Dungeons of Doom. On T:604 you reached level 3 of The Dungeons of Doom. On T:656 you advanced to experience level 2. On T:1037 you reached level 4 of The Dungeons of Doom. On T:1075 you advanced to experience level 3. On T:1429 you advanced to experience level 4. On T:1492 you reached level 1 of The Gnomish Mines. On T:1512 you reached level 5 of The Dungeons of Doom. Score breakdown: Gold: 621 ( 9503 points) Experience: 4 levels ( 9649 points) Exploration: 5 levels ( 10.42%) ( 8751 points) Discoveries: 3 items ( 1.05%) ( 3072 points) Valuables value: (no points given unless you survive) Artifact value: 0 ( 0 points) Variety of kills: 15 monsters ( 3.94%) ( 5952 points) Turncount: 1662 turns ( 0 points) Survival: died (score multiplied by 80%) Total score: 29541 Latest messages: The pony bites! The pony kicks! The pony bites! You miss the pony. The pony misses. The pony bites! You hit the pony! The pony kicks! The pony bites! You miss the pony. The pony kicks! The pony bites! You hear some noises. The pony kicks! The pony bites! You miss the pony. The pony kicks! The pony misses. You miss the pony. The pony kicks! The pony bites! You die... Final status: Goodbye Moody the Priest, killed by a pony... You died in The Dungeons of Doom on dungeon level 5 with 29541 points, and 621 pieces of gold, after 1662 moves. You were level 4 with a maximum of 34 hit points when you died.